 Dungeon Crawl Stone Soup version 0.24-a0-434-gd57e52fea8 (webtiles) character file.

Game seed: 6103605587615531231

8690 vurker the Severer (level 11, -16/102 HPs)
             Began as a Minotaur Gladiator on June 15, 2019.
             Was a Believer of Yredelemnul.
             Demolished by an orc warrior
             ... wielding a +0 glaive
              (22 damage)
             ... on level 9 of the Dungeon.
             The game lasted 00:16:40 (8008 turns).

vurker the Severer (Minotaur Gladiator)             Turns: 8008, Time: 00:16:41

Health: -16/102    AC: 10    Str: 23    XL:     11   Next: 13%
Magic:  14/14      EV:  7    Int:  5    God:    Yredelemnul [**....]
Gold:   652        SH:  0    Dex: 11    Spells: 10/10 levels left

rFire    . . .     SeeInvis .   a - +1 war axe
rCold    . . .     Gourm    .   (no shield)
rNeg     . . .     Faith    .   n - +0 plate armour
rPois    +         Spirit   .   c - +0 hat
rElec    .         Reflect  .   (no cloak)
rCorr    .         Harm     .   (no gloves)
MR       .....                  (no boots)
Stlth    ..........             j - amulet of regeneration
HPRegen  0.67/turn              g - ring of poison resistance
MPRegen  0.14/turn              (no ring)

@: no status effects
A: retaliatory headbutt, horns 2
a: Animate Remains, Recall Undead Slaves, Injury Mirror, Renounce Religion


You were on level 9 of the Dungeon.
You worshipped Yredelemnul.
Yredelemnul was pleased with you.
You were not hungry.

You visited 2 branches of the dungeon, and saw 10 of its levels.

You collected 652 gold pieces.

Inventory:

Hand Weapons
 a - a +1 war axe (weapon)
 b - a +0 hand axe of flaming
   (You took it off an orc on level 4 of the Dungeon)
Missiles
 d - 3 throwing nets (quivered) {!f}
Armour
 c - a +0 hat (worn)
 n - a +0 plate armour (worn)
   (You found it on level 5 of the Dungeon)
Jewellery
 g - a ring of poison resistance (left hand)
   (You found it on level 4 of the Dungeon)
 j - an amulet of regeneration (around neck)
   (You took it off an orc on level 4 of the Dungeon)
Wands
 f - a wand of polymorph (7)
   (You found it on level 5 of the Dungeon)
 t - a wand of flame (29)
   (You took it off Ijyb on level 4 of the Dungeon)
 u - a wand of paralysis (5)
   (You found it on level 4 of the Dungeon)
Scrolls
 h - a scroll of summoning {unknown}
 k - 5 scrolls of remove curse {@r2}
 m - 2 scrolls of identify {@r1}
 r - a scroll of enchant armour {unknown}
Potions
 i - 5 potions of curing {@q1}
 l - 2 potions of lignification {!q}
Comestibles
 e - 16 rations {!d}


   Skills:
 + Level 11.2 Fighting
 * Level 15.2 Axes
 - Level 2.0 Throwing
 - Level 3.2 Dodging
 + Level 6.3 Invocations


You had 10 spell levels left.
You didn't know any spells.
Your spell library contained the following spells:

 Spells                   Type           Power        Failure   Level  Hunger
 Freeze                   Ice            #...         100%        1    ##.....
 Throw Frost              Conj/Ice       #.....       100%        2    ###....
 Ozocubu's Armour         Chrm/Ice       #.......     100%        3    ####...
 Summon Ice Beast         Ice/Summ       #.......     100%        4    #####..
 Throw Icicle             Conj/Ice       #.......     100%        4    #####..


Dungeon Overview and Level Annotations

Branches:
Dungeon (9/15)             Temple (1/1) D:6            Lair (0/6) D:8
    Orc: D:9-12

Altars:
Ashenzari
Cheibriados
Gozag
Hepliaklqana
Kikubaaqudgha
Okawaru
Qazlal
Sif Muna
Trog
Vehumet
Xom
Yredelemnul

Shops:
D:8 ?

Annotations:
D:3 2 transporters, aaksess's ghost, amateur OgAM


Innate Abilities, Weirdness & Mutations

You reflexively headbutt those who attack you in melee.
You have a pair of horns on your head.


Message History

You completely miss the orc. You slice the yak!!
The orc warrior hits you from afar with a +0 glaive!
* * * LOW HITPOINT WARNING * * *
The orc barely misses you.
You are too injured to fight recklessly!
You are too injured to fight recklessly!
You are too injured to fight recklessly!
You are too injured to fight recklessly!
Your plate armour prevents you from hitting the yak.
You hit the orc but do no damage. The yak barely misses you.
You hit the yak but do no damage. You headbutt the yak! You slash the orc!
You kill the orc!
Yredelemnul accepts your kill.
The orc warrior hits you from afar with a +0 glaive!
* * * LOW HITPOINT WARNING * * *
The yak gores you.
* * * LOW HITPOINT WARNING * * *
The orc warrior hits you with a +0 glaive!
* * * LOW HITPOINT WARNING * * *
The orc hits you but does no damage.
Items here: )) [ † a +0 mace; a +0 dagger; a +0 robe; an orc corpse You slash the orc warrior!
Your headbutt misses the orc warrior.
Your plate armour prevents you from hitting the orc.
Your plate armour prevents you from hitting the yak.
The yak closely misses you.
You hit the orc warrior but do no damage.
You closely miss the orc. You slash the yak!
You kill the yak!
Yredelemnul accepts your kill.
The orc warrior hits you with a +0 glaive.
* * * LOW HITPOINT WARNING * * *
The orc hits you but does no damage.
Okay, then.
Okay, then.
You slash the orc warrior! You headbutt the orc warrior. You slash the orc!
You kill the orc!
Yredelemnul accepts your kill.
The orc warrior hits you with a +0 glaive!
* * * LOW HITPOINT WARNING * * *
You closely miss the orc warrior.
You feel better.
The orc warrior hits you with a +0 glaive.
* * * LOW HITPOINT WARNING * * *
The orc barely misses you.
You hit the orc warrior but do no damage.
You hit the orc but do no damage. The orc hits you but does no damage.
The orc warrior hits you with a +0 glaive!!
You die...
Your body rises from the dead as a mindless zombie.

.....#.# #..# ###....#
#..# ###....#######..#
.............#..#
###....#####(#..#
.......#...#.#..#
###....#........##
.##....#.#.#.....#######
.##....#.#.#....@o......
.###.#.#...#.#..8o..####
.......#.###.#......#
####.#.......#.........
# #.#.#######......###
#................#
###.#####.#......# #.#
#.#......# #.# #
#.......


You could see an orc warrior and an orc.

Vanquished Creatures
  Gastronok (D:8)
  A centaur warrior (D:8)
  Psyche (D:8)
  A polar bear (D:9)
  A hippogriff (D:8)
  Sigmund (D:5)
  A spriggan (D:7)
  A wyvern (D:9)
  A yak (D:9)
  Grum (D:8)
  Duvessa (D:5)
  An orc warrior (D:7)
  A black bear (D:7)
  5 sky beasts
  5 phantoms
  7 ogres
  4 ice beasts
  3 wolves (D:7)
  3 centaurs
  6 bullfrogs
  A big kobold (D:7)
  A scorpion (D:7)
  Dowan (D:5)
  4 killer bees (D:8)
  An electric eel (D:9)
  3 howler monkeys
  2 crimson imps
  A quasit (D:7)
  A jelly (D:7)
  A gnoll shaman (D:7)
  2 orc priests
  9 hounds
  8 orc wizards
  Ijyb (D:4)
  2 iguanas
  5 worker ants
  A killer bee zombie (D:9)
  A bullfrog simulacrum (D:9)
  A howler monkey zombie (D:6)
  8 adders
  4 gnolls (D:3)
  2 howler monkey skeletons
  A shadow imp (D:5)
  2 white imps (D:9)
  3 oozes
  2 ufetubi (D:9)
  An adder skeleton (D:8)
  An adder zombie (D:5)
  A worm (D:4)
  A dart slug (D:1)
  4 leopard geckos
  26 orcs
  3 ball pythons
  4 giant cockroaches
  6 hobgoblins
  3 jackals
  11 kobolds
  5 quokkas
  7 bats
  5 frilled lizards
  4 goblins
  A jackal skeleton (D:4)
  A leopard gecko zombie (D:6)
  A quokka skeleton (D:5)
  10 rats
209 creatures vanquished.

Vanquished Creatures (others)
  An unseen horror (D:8)
1 creature vanquished.

Grand Total: 210 creatures vanquished

Notes
Turn   | Place    | Note
-------+----------+-------------------------------------------
     0 | D:1      | vurker the Minotaur Gladiator began the quest for the Orb.
     0 | D:1      | Reached XP level 1. HP: 18/18 MP: 0/0
   197 | D:1      | Reached skill level 4 in Axes
   222 | D:1      | Reached XP level 2. HP: 25/25 MP: 1/1
   616 | D:2      | Reached XP level 3. HP: 26/31 MP: 2/2
   686 | D:2      | Found an opulent altar of Gozag.
   761 | D:2      | Reached skill level 5 in Axes
   772 | D:2      | Reached XP level 4. HP: 14/40 MP: 3/3
  1506 | D:3      | Reached skill level 6 in Axes
  1511 | D:3      | Reached XP level 5. HP: 42/46 MP: 4/4
  2149 | D:3      | Found a transporter.
  2173 | D:3      | Found a transporter.
  2178 | D:3      | Noticed aaksess's ghost (amateur OgAM)
  2346 | D:4      | Noticed an ogre
  2604 | D:4      | Reached skill level 7 in Axes
  2604 | D:4      | Reached XP level 6. HP: 53/53 MP: 5/5
  2649 | D:4      | Reached skill level 5 in Fighting
  2755 | D:4      | Reached skill level 8 in Axes
  2885 | D:4      | Noticed Ijyb
  2899 | D:4      | Killed Ijyb
  2899 | D:4      | Reached XP level 7. HP: 43/61 MP: 6/6
  3361 | D:4      | Found a shimmering altar of Xom.
  3435 | D:5      | Entered Level 5 of the Dungeon
  3500 | D:5      | Reached skill level 9 in Axes
  3553 | D:5      | Noticed Dowan
  3554 | D:5      | Noticed Duvessa
  3570 | D:5      | Killed Dowan
  3606 | D:5      | Noticed Sigmund
  3623 | D:5      | Killed Sigmund
  3655 | D:5      | Found an opulent altar of Gozag.
  3666 | D:5      | Reached XP level 8. HP: 67/71 MP: 7/7
  3746 | D:5      | Reached skill level 10 in Axes
  3846 | D:5      | Killed Duvessa
  4630 | D:5      | Reached skill level 11 in Axes
  4898 | D:6      | Found a staircase to the Ecumenical Temple.
  4904 | Temple   | Entered the Ecumenical Temple
  4911 | Temple   | Became a worshipper of Yredelemnul the Dark
  5025 | D:6      | Reached XP level 9. HP: 82/82 MP: 8/8
  5072 | D:6      | Reached skill level 1 in Invocations
  5122 | D:6      | Reached skill level 12 in Axes
  5322 | D:7      | Reached * piety under Yredelemnul
  5483 | D:7      | Found a shattered altar of Ashenzari.
  5483 | D:7      | Found a bloodstained altar of Trog.
  5613 | D:7      | Found a radiant altar of Vehumet.
  5621 | D:7      | Found a stormy altar of Qazlal.
  5900 | D:7      | Found a snail-covered altar of Cheibriados.
  5990 | D:7      | Reached skill level 13 in Axes
  6060 | D:8      | Noticed Grum
  6223 | D:8      | Killed Grum
  6223 | D:8      | Reached XP level 10. HP: 86/93 MP: 10/12
  6557 | D:8      | Reached skill level 10 in Fighting
  6570 | D:8      | Noticed Psyche
  6579 | D:8      | Noticed Gastronok
  6600 | D:8      | Killed Gastronok
  6600 | D:8      | Reached skill level 14 in Axes
  6600 | D:8      | Reached skill level 5 in Invocations
  6960 | D:8      | Found Efrasarch's Magic Scroll Shoppe.
  6983 | D:8      | Found a staircase to the Lair.
  7165 | D:8      | Found a deep blue altar of Sif Muna.
  7165 | D:8      | Found an opulent altar of Gozag.
  7221 | D:8      | Noticed a centaur warrior
  7237 | D:8      | Killed an unseen horror
  7253 | D:8      | Killed Psyche
  7272 | D:8      | HP: 3/94 [centaur warrior (10)]
  7273 | D:8      | Killed a centaur warrior
  7273 | D:8      | Reached skill level 15 in Axes
  7273 | D:8      | Reached XP level 11. HP: 3/102 MP: 14/14
  7999 | D:9      | Reached ** piety under Yredelemnul
  8005 | D:9      | HP: 1/102 [orc warrior/+0 glaive (7)]
  8008 | D:9      | Demolished by an orc warrior

Levels and vault maps discovered:
D:1:      lemuel_arrival_hallway, layout_basic, minmay_pentomino_w2
D:2:      layout_loops_ring, overflow_temple_1_default
D:3:      layout_basic, gammafunk_ghost_stat_death
D:4:      layout_cave_pods, kennysheep_mini_moat,
          minmay_fractal_squares_gapless_5, uniq_ijyb
D:5:      layout_layer_cave, first_ration, nicolae_gozag_seed_capital,
          uniq_duvessa, uniq_sigmund
D:6:      layout_rooms, minmay_temple_entry_enclosed_plants
D:7:      minmay_skewed_foursquare, layout_cave_pools, lemuel_doored_altar,
          chequers_temple_overflow_statue_of_worship,
          grunt_temple_overflow_open, the_bakery, minmay_misc_feat_alley
D:8:      layout_basic, lair_entry_dummy, serial_shops, shop, serial_curves,
          eino_curves_01, eino_curves_02, eino_curves_04, eino_curves_03,
          jmf_multi_god_temple, uniq_gastronok, uniq_psyche, uniq_grum
D:9:      layout_basic, serial_ice, serial_ice_j, serial_ice_b, serial_ice_o,
          serial_ice_d, uniq_joseph
Temple:   eino_wide_crystal_templ

Skill      XL: |  1  2  3  4  5  6  7  8  9 10 |
---------------+-------------------------------+-----
Axes           | 4 5 6 7 8 9 11 13 15 | 15.2
Fighting       | 3 4 5 6 8 9 11 | 11.2
Invocations    | 4 6 |  6.3
Throwing       | |  2.0
Dodging        | |  3.2

Action                   |  1- 3 |  4- 6 |  7- 9 | 10-12 || total
-------------------------+-------+-------+-------+-------++-------
Melee: War axe           |    69 |   107 |   251 |   164 ||   591
       Headbutt          |    17 |    21 |    52 |    30 ||   120
Evoke: Wand              |       |       |     3 |     1 ||     4
  Use: Scroll            |       |    11 |     3 |     2 ||    16
       Potion            |       |       |     1 |     7 ||     8
  Eat: Chunk             |       |     6 |     8 |     2 ||    16
       Ration            |       |       |     1 |     1 ||     2
Armor: Chain mail        |    41 |    60 |    31 |       ||   132
       Plate armour      |       |       |   110 |    77 ||   187
       Skin              |       |       |       |     7 ||     7
Dodge: Dodged            |    29 |    54 |   100 |    50 ||   233

Table legend:
 A = Non-vault XP
 B = Vault XP
 C = Vault XP percentage of total XP
 D = Non-vault monster count
 E = Vault monster count
 F = Vault count percentage of total count
                 A         B        C        D         E       F
            +---------+---------+-------+---------+---------+-------
      Total |    5759 |    6656 |  53.6 |     179 |      31 |  14.8
            +---------+---------+-------+---------+---------+-------
        D:1 |      36 |       2 |   5.3 |      17 |       1 |   5.6
        D:2 |     124 |       0 |   0.0 |      28 |       0 |   0.0
        D:3 |     200 |       0 |   0.0 |      20 |       0 |   0.0
        D:4 |     286 |     167 |  36.9 |      16 |       4 |  20.0
        D:5 |    1008 |     440 |  30.4 |      21 |       3 |  12.5
        D:6 |     890 |       0 |   0.0 |      18 |       0 |   0.0
        D:7 |    1432 |     793 |  35.6 |      29 |       8 |  21.6
        D:8 |    1218 |    4652 |  79.3 |      21 |       7 |  25.0
        D:9 |     565 |     602 |  51.6 |       9 |       8 |  47.1
            +---------+---------+-------+---------+---------+-------
